 Dungeon Crawl Stone Soup version 0.30.1-4-g462c640d31 (webtiles) character file.

Game seed: 11790180457184038341

95339 Zeor the Markself (level 15, -15/90 HPs)
             Began as a Deep Elf Hunter on Aug 14, 2023.
             Was a High Priest of Hepliaklqana.
             Killed from afar by Azrael (45 damage)
             ... with a fireball
             ... on level 14 of the Dungeon.
             The game lasted 01:50:19 (23513 turns).

Zeor the Markself (Deep Elf Hunter)                Turns: 23513, Time: 01:50:20

Health: -15/90     AC: 21    Str:  8    XL:     15   Next: 66%
Magic:  23/23      EV: 21    Int: 20    God:    Hepliaklqana [*****.]
Gold:   902        SH:  5    Dex: 20    Spells: 10/20 levels left

rFire   . . .        b - +11 Screaming Sword {sonic wave}
rCold   . . .        (no shield)
rNeg    + . .        Y - +3 troll leather armour {Snorg}
rPois   .            X - +2 helmet
rElec   .            Z - +1 cloak
rCorr   .            m - +1 pair of gloves
SInv    +            s - +1 pair of boots of the Sailor {rN+}
Will    +....        y - amulet of reflection
Stlth   +++          e - +4 ring of protection
HPRegen 1.15/turn    j - ring of see invisible
MPRegen 0.18/turn

%: reflection
@: studying Stealth
A: reduced essence
a: Renounce Religion, Recall Ancestor, Ancestor Identity, Transference, Idealise


You were on level 14 of the Dungeon.
You worshipped Hepliaklqana.
Hepliaklqana was extremely pleased with you.
You visited 4 branches of the dungeon, and saw 22 of its levels.
You also visited: Ossuary, Gauntlet and Ice Cave.

You collected 2290 gold pieces.
You spent 1388 gold pieces at shops.

Inventory:

Hand Weapons
 a - a +3 longbow of flaming
 b - the +11 Screaming Sword (weapon) {sonic wave}
   (You found it on level 11 of the Dungeon)
 c - a +5 triple crossbow of flaming
 q - the +7 glaive of the Elven Halls {protect, Drain rPois rN+++ Int+5}
   (You found it in a Gauntlet)

   Int:       It affects your intelligence (+5).
   rPois:     It protects you from poison.
   rN:        It renders you almost immune to negative energy.
   Drain:     It drains your maximum health when unequipped.
 W - the +10 spear of Infection {holy, Int+2}
   (You found it on level 3 of the Dungeon)

   Int:       It affects your intelligence (+2).
Missiles
 J - a curare-tipped dart
 P - 4 throwing nets
Armour
 m - a +1 pair of gloves (worn)
 p - a +2 leather armour of willpower
 s - the +1 pair of boots of the Sailor (worn) {rN+}
   (You found it in a Gauntlet)

   rN:        It protects you from negative energy.
 X - a +2 helmet (worn)
 Y - a +3 troll leather armour (worn) {Snorg}
 Z - a +1 cloak (worn)
Jewellery
 e - a +4 ring of protection (left hand)
 j - a ring of see invisible (right hand)
 v - a ring of positive energy
 y - an amulet of reflection (around neck)
 F - a ring of protection from fire
 M - a ring of poison resistance
 R - a ring of wizardry
 T - a ring of flight
Wands
 i - a wand of light (19)
 n - a wand of mindburst (5)
 I - a wand of flame (13)
 K - a wand of paralysis (8)
 N - a wand of digging (12)
 O - a wand of polymorph (24)
Scrolls
 d - 3 scrolls of magic mapping
 h - 2 scrolls of immolation
 k - 7 scrolls of fog
 t - a scroll of silence
 x - 3 scrolls of blinking
 z - 6 scrolls of teleportation
 A - 6 scrolls of poison
 C - 3 scrolls of fear
 G - 4 scrolls of amnesia
 S - 3 scrolls of vulnerability
 U - 7 scrolls of identify
Potions
 f - 2 potions of magic
 g - 2 potions of heal wounds
 l - 12 potions of curing
 r - 3 potions of resistance
 u - 4 potions of might
 w - 5 potions of ambrosia
 D - 4 potions of attraction
 H - 3 potions of cancellation
 L - 6 potions of haste
 Q - a potion of berserk rage
Miscellaneous
 B - a lightning rod (4/4)


   Skills:
 + Level 14.7 Fighting
 + Level 3.3 Polearms
 + Level 20.3 Ranged Weapons
 + Level 4.4 Armour
 + Level 13.6 Dodging
 - Level 6.6 Stealth
 - Level 3.0 Shields
 * Level 3.2 Spellcasting
 * Level 2.3 Translocations
 * Level 8.6 Invocations


You had 10 spell levels left.
You knew the following spells:

 Your Spells              Type           Power      Damage    Failure   Level
a - Inner Flame           Hex/Fire       3%         N/A       50%         3
b - Blink                 Tloc           24%        N/A       11%         2
c - Summon Forest         Summ/Tloc      3%         N/A       97%         5

Your spell library contained the following spells:

 Spells                   Type           Power      Damage    Failure   Level
 Lesser Beckoning         Tloc           24%        N/A       11%         2
 Kiss of Death            Conj/Necr      12%        2d6       19%         1
 Magic Dart               Conj           12%        1d3       19%         1
 Necrotise                Necr           12%        1d4       19%         1
 Momentum Strike          Conj/Tloc      14%        3d8       19%         2
 Cigotuvi's Dreadful Rot  Necr/Pois/Air  6%         N/A       28%         2
 Searing Ray              Conj           6%         2d4       28%         2
 Hailstorm                Conj/Ice       3%         3d3       50%         3
 Ignite Poison            Fire/Tmut/Pois 3%         N/A       50%         3
 Tukima's Dance           Hex            3%         N/A       50%         3
 Vampiric Draining        Necr           3%         2d6       50%         3
 Passage of Golubria      Tloc           12%        N/A       58%         4
 Anguish                  Hex/Necr       1%         N/A       88%         4
 Animate Dead             Necr           3%         N/A       88%         4
 Fulminant Prism          Conj/Hex       1%         3d5       88%         4
 Ice Form                 Ice/Tmut       3%         N/A       88%         4
 Petrify                  Tmut/Erth      3%         N/A       88%         4
 Agony                    Necr           3%         N/A       99%         5
 Freezing Cloud           Conj/Ice/Air   1%         6-21      99%         5
 Metabolic Englaciation   Hex/Ice        1%         N/A       99%         5
 Summon Mana Viper        Hex/Summ       3%         N/A       99%         5
 Yara's Violent Unravell  Hex/Tmut       1%         3d3       99%         5
 Simulacrum               Ice/Necr       1%         N/A       100%        6
 Statue Form              Tmut/Erth      2%         N/A       100%        6
 Summon Cactus Giant      Summ           1%         N/A       100%        6
 Enfeeble                 Hex            1%         N/A       100%        7
 Haunt                    Necr/Summ      1%         N/A       100%        7
 Infestation              Necr           1%         N/A       100%        8


Dungeon Overview and Level Annotations

Branches:
Dungeon (14/15)            Temple (1/1) D:6            Lair (5/5) D:9
 Shoals (0/4) Lair:3       Spider (0/4) Lair:2        Slime (0/5) Lair:4
    Orc (2/2) D:11            Elf (0/3) Orc:2       Ossuary (visited)
  IceCv (visited)         Gauntlet (visited)
 Vaults: D:13-14

Altars:
Ashenzari
Cheibriados
Dithmenos
Elyvilon
Fedhas
Gozag
Hepliaklqana
Kikubaaqudgha
Makhleb
Nemelex Xobeh
Okawaru
Qazlal
Ru
Sif Muna
Trog
Uskayaw
Vehumet
Wu Jian
Xom
Yredelemnul
Zin
The Shining One
Lugonu

Shops:
D:4 ?   D:5 (   D:6 (   Orc:2 *(?([

Portals:
Abyss: Lair:5

Annotations:
D:9 3 runed translucent doors, jujuben's ghost, novice TeSu
D:14 Azrael
Lair:3 2 transporters


Message History

The Singing Sword clamours, "THIS IS THE END OF THE WORLD AS YOU KNOW IT!!!"
You send a blast of sound all around you.
The yaktaur captain is lightly wounded.
The yaktaur is moderately wounded.
Azrael is moderately wounded.
You destroy the fire elemental!
The fire elemental is lightly damaged.
The hell hound is almost dead.
The rakshasa is moderately wounded.
The guardian serpent is almost dead.
The two-headed ogre is severely wounded.
The hell hound is almost dead.
You hear a shout! x5
The hell hound breathes flames at you. The blast of flame hits you!
An eight-headed hydra comes into view.
You block the hell hound's attack.
You closely miss the hell hound.
The hell hound is almost dead.
The hell hound misses you.
The hell hound bites you but does no damage.
Azrael gestures at you.
The fireball explodes!
The fireball engulfs the hell hound.
The hell hound completely resists.
The fireball engulfs the fire elemental.
The fire elemental completely resists.
The fireball engulfs you!!
The fireball engulfs Azrael.
Azrael completely resists.
The hell hound bites you.
You hear a shout!
You are too injured to fight recklessly!
You barely miss the hell hound.
The hell hound is almost dead.
The guardian serpent changes into a cyclops!
The hell hound bites you but does no damage.
Azrael gestures at you.
The fireball explodes!
The fireball engulfs the hell hound.
The hell hound completely resists.
The fireball engulfs the fire elemental.
The fire elemental completely resists.
The fireball engulfs you!!!
Ouch! That really hurt!
You die... ∙∙∙∙∙∙∙∙∙▒ ∙▒▒▒∙ ∙ ∙∙∙∙∙∙▒▒▒▒ ∙c∙∙ ∙∙ ▒▒▒▒▒▒▒ ∙▒∙▒∙▒ ▒▒▒▒▒ D∙)∙∙ ∙∙∙∙∙∙ CO∙

▒▒▒▒▒▒ ▒▒▒▒ ▒▒∙▒
▒ ▒∙∙∙ ▒ER▒
▒▒▒▒∙∙∙ ▒h▒▒
∙∙∙∙∙∙∙▒▒▒e▒
▒▒▒▒∙∙∙▒∙∙∙▒ ▒
▒∙▒)∙∙∙∙∙∙∙▒▒▒ ▒
▒∙▒∙▒∙∙∙∙∙▒▒ ▒
▒∙▒∙▒∙∙∙∙∙▒ ▒
▒∙▒∙▒∙∙∙∙∙▒▒ ▒▒
▒∙▒∙▒∙▒■▒∙∙▒
∙▒▒▒▒∙▒∙∙∙▒∙▒▒∙▒
∙∙∙▒▒∙▒∙∙∙▒∙▒▒∙▒


You could see Azrael, an eight-headed hydra, a two-headed ogre, a cyclops shaped
shifter, a yaktaur, a fire elemental and a hell hound.

Vanquished Creatures
  Rupert (D:12)
  Gastronok (D:11)
  Nessos (Lair:3)
  A dire elephant (Lair:2)
  A minotaur (Gauntlet)
  Snorg (Lair:3)
  3 hydras
  2 ogre magi (Orc:2)
  Erolcha (D:11)
  3 centaur warriors (D:13)
  3 boulder beetles
  10 two-headed ogres
  2 thrashing horrors (Lair:5)
  9 death yaks
  A tengu warrior (D:13)
  Amaemon (Lair:3)
  A skyshark (Lair:5)
  2 deep trolls (Orc:2)
  A death drake (shapeshifter) (Lair:5)
  A wizard (D:14)
  2 orc knights
  4 ugly things
  5 orc sorcerers
  7 cyclopes
  3 manticores
  Joseph (D:9)
  Maurice (Orc:1)
  A guardian serpent (shapeshifter) (D:13)
  2 black mambas (Lair:1)
  18 elephants
  2 ice statues (IceCv)
  7 cane toads
  Maggie (D:6)
  3 smoke demons (Lair:5)
  A large abomination (Lair:5)
  6 rime drakes
  9 komodo dragons
  2 ancient zymes (Lair:5)
  14 trolls
  Prince Ribbit (D:7)
  12 dream sheep (Lair:5)
  3 polar bears
  6 blink frogs
  2 centaur simulacra (Gauntlet)
  2 shadows (D:12)
  3 wraiths
  A spriggan (Lair:5)
  2 vampires
  3 wyverns
  2 water elementals (D:14)
  A dire elephant simulacrum (IceCv)
  2 ynoxinuls (Lair:5)
  2 steam dragons
  29 yaks
  8 basilisks
  A fire elemental (D:14)
  Eustachio (D:4)
  2 swamp worms (Gauntlet)
  5 vampire mosquitoes
  2 wargs
  3 acid dragons
  Menkaure (D:5)
  8 small abominations (Lair:5)
  7 water moccasins
  Duvessa (D:6)
  A hell hound (D:14)
  4 sky beasts
  4 black bears
  12 orc warriors
  7 ice beasts
  20 ogres
  11 wolves
  9 centaurs
  A phantom (D:5)
  5 kobold brigands
  10 bullfrogs
  2 gnoll sergeants
  2 cane toad simulacra
  10 scorpions
  5 wights
  Dowan (D:6)
  10 killer bees
  An elephant simulacrum (IceCv)
  10 electric eels
  A howler monkey (D:6)
  2 centaur zombies (Ossuary)
  3 human zombies (Ossuary)
  17 orc priests
  4 hounds
  2 jellies (D:7)
  7 gnoll boudas
  6 iguanas
  Natasha (thrice) (D:4)
  A hell rat (Lair:1)
  19 orc wizards
  A wolf simulacrum (IceCv)
  5 mummies (Ossuary)
  32 gnolls
  12 adders
  A shadow imp (D:6)
  4 white imps
  4 ufetubi
  2 worms
  A dart slug (D:2)
  50 orcs
  13 ball pythons
  8 endoplasms
  5 giant cockroaches
  A gnoll zombie (Ossuary)
  9 goblins
  8 hobgoblins
  3 jackals (D:1)
  2 quokkas
  9 bats
  5 frilled lizards
  8 kobolds
  An orc zombie (Ossuary)
  7 rats
626 creatures vanquished.

Vanquished Creatures (collateral kills)
  Fannar (D:11)
  A centaur warrior (D:14)
  A death yak (Lair:5)
  A thrashing horror (Lair:5)
  A skeletal warrior (D:12)
  An orc knight (Orc:1)
  A cyclops (Orc:1)
  An ugly thing (D:13)
  2 black mambas (Lair:4)
  An ice statue (IceCv)
  3 elephants (Lair:5)
  2 cane toads
  An orange demon (Lair:3)
  An ice devil (Gauntlet)
  A freezing wraith (D:14)
  A komodo dragon (Lair:1)
  An ancient zyme (Lair:5)
  A hornet (D:6)
  A tyrant leech (Gauntlet)
  3 blink frogs
  5 dream sheep (Lair:5)
  2 centaur simulacra (Gauntlet)
  3 yaks (Lair:1)
  A large abomination (Lair:5)
  A wyvern (D:11)
  3 water elementals (D:14)
  2 basilisks
  A vampire mosquito (D:12)
  A chaos spawn (Lair:5)
  A harpy simulacrum (IceCv)
  2 water moccasins
  2 orc warriors
  3 ogres (Orc:2)
  2 wolves (Lair:4)
  2 scorpions (D:11)
  A cane toad simulacrum (IceCv)
  2 small abominations (Lair:5)
  An electric eel (Lair:2)
  An orc priest (Orc:2)
  An orc wizard (Orc:1)
  4 hell rats (Lair:1)
  A polar bear simulacrum (IceCv)
  A wolf simulacrum (IceCv)
  A mummy (Ossuary)
  An adder (D:11)
  3 gnolls
  2 white imps (Gauntlet)
  8 orcs
  2 bats (D:11)
  A hobgoblin zombie (Ossuary)
  A kobold (D:11)
88 creatures vanquished.

Vanquished Creatures (others)
  10 battlemagi
  9 ancestors
19 creatures vanquished.

Grand Total: 733 creatures vanquished

Notes
Turn   | Place    | Note
-------+----------+-------------------------------------------
     0 | D:1      | Zeor the Deep Elf Hunter began the quest for the Orb.
     0 | D:1      | Reached XP level 1. HP: 12/12 MP: 3/3
    25 | D:1      | Found a faded altar of an unknown god.
   106 | D:1      | Reached XP level 2. HP: 16/16 MP: 4/4
   221 | D:1      | Reached skill level 6 in Ranged Weapons
   606 | D:1      | Reached XP level 3. HP: 21/21 MP: 5/5
  1342 | D:2      | Reached skill level 7 in Ranged Weapons
  1342 | D:2      | Reached XP level 4. HP: 26/26 MP: 6/6
  1982 | D:3      | Identified the +10 spear of Infection {holy, Int+2}
  2209 | D:3      | Reached XP level 5. HP: 30/30 MP: 7/7
  2734 | D:4      | Identified the +1 robe of the Armoured One {Int+3}
  2789 | D:4      | Reached skill level 1 in Armour
  2846 | D:4      | Reached XP level 6. HP: 35/36 MP: 8/8
  2893 | D:4      | Reached skill level 8 in Ranged Weapons
  2941 | D:4      | Noticed Eustachio
  2944 | D:4      | Killed Eustachio
  2990 | D:4      | Reached skill level 9 in Ranged Weapons
  2990 | D:4      | Reached XP level 7. HP: 40/40 MP: 9/9
  3216 | D:4      | Found Vaosaj's Magic Scroll Emporium.
  3219 | D:4      | Bought a scroll of blinking for 90 gold pieces
  3219 | D:4      | Bought a scroll of identify for 24 gold pieces
  3219 | D:4      | Bought a scroll of teleportation for 36 gold pieces
  3219 | D:4      | Bought a scroll of poison for 48 gold pieces
  3530 | D:4      | Noticed Natasha
  3532 | D:4      | Killed Natasha
  3576 | D:4      | Noticed Natasha
  3579 | D:4      | Killed Natasha
  3769 | D:4      | Noticed Natasha
  3772 | D:4      | Killed Natasha
  3785 | D:5      | Entered Level 5 of the Dungeon
  3848 | D:5      | Reached skill level 5 in Dodging
  3864 | D:5      | Found a sand-covered staircase.
  3884 | Ossuary  | Entered an ossuary
  3989 | Ossuary  | Reached skill level 10 in Ranged Weapons
  4198 | D:5      | Reached skill level 1 in Polearms
  4198 | D:5      | Reached XP level 8. HP: 8/48 MP: 10/10
  4541 | D:5      | Found a glowing golden altar of the Shining One.
  4566 | D:5      | Found Gipir's Antique Weapon Emporium.
  4763 | D:5      | Noticed Menkaure
  4764 | D:5      | Killed Menkaure
  5074 | D:6      | Noticed Dowan
  5076 | D:6      | Noticed Duvessa
  5092 | D:6      | Killed Dowan
  5109 | D:6      | Killed Duvessa
  5218 | D:6      | Found a staircase to the Ecumenical Temple.
  5224 | Temple   | Entered the Ecumenical Temple
  5329 | D:6      | Found Efocach's Weapon Shoppe.
  5368 | D:6      | Noticed a manticore
  5384 | D:6      | Noticed a hornet
  5584 | D:6      | Reached skill level 11 in Ranged Weapons
  5600 | D:6      | Noticed Maggie
  5618 | D:6      | Killed Maggie
  5619 | D:6      | Reached XP level 9. HP: 48/52 MP: 11/11
  5681 | D:6      | Found a shimmering altar of Xom.
  5694 | D:6      | Found a shimmering blue altar of Sif Muna.
  6087 | D:6      | Killed a manticore
  6261 | D:6      | Reached skill level 5 in Fighting
  6282 | D:6      | Reached skill level 12 in Ranged Weapons
  6378 | D:6      | Paralysed by a hornet for 3 turns
  6383 | D:6      | Identified the +11 morningstar "Eviscerator" {freeze, Fly}
  6384 | D:6      | Paralysed by a hornet for 1 turns
  6389 | D:6      | Reached skill level 1 in Shields
  6624 | D:7      | Noticed Prince Ribbit
  6628 | D:7      | Killed Prince Ribbit
  6839 | D:7      | Noticed a cyclops
  6845 | D:7      | Killed a cyclops
  6846 | D:7      | Reached skill level 13 in Ranged Weapons
  6846 | D:7      | Reached XP level 10. HP: 60/60 MP: 12/12
  9028 | D:8      | Found an ornate altar of the Wu Jian Council.
  9030 | D:8      | Found a bloodstained altar of Trog.
  9101 | D:8      | Reached skill level 14 in Ranged Weapons
  9491 | D:9      | Found a runed translucent gate.
  9491 | D:9      | Found a runed translucent gate.
  9491 | D:9      | Found a runed translucent gate.
  9495 | D:9      | Noticed a spectral centaur warrior
  9496 | D:9      | Noticed a spectral centaur warrior
  9497 | D:9      | Noticed jujuben's ghost (novice TeSu)
  9791 | D:9      | Reached XP level 11. HP: 56/67 MP: 13/13
  9827 | D:9      | Found a staircase to the Lair.
  9907 | D:9      | Reached skill level 15 in Ranged Weapons
 10501 | D:9      | Noticed Joseph
 10511 | D:9      | Killed Joseph
 10586 | D:9      | Noticed a white ugly thing
 10602 | D:9      | Killed a white ugly thing
 10606 | D:9      | Reached skill level 10 in Dodging
 11096 | D:10     | Entered Level 10 of the Dungeon
 11479 | D:10     | Noticed a two-headed ogre
 11490 | D:10     | Killed a two-headed ogre
 11547 | D:10     | Found a hazy altar of Hepliaklqana.
 11559 | D:10     | Became a worshipper of Hepliaklqana the Forgotten
 11604 | D:10     | Found a sacrificial altar of Ru.
 11994 | D:10     | Reached skill level 16 in Ranged Weapons
 12242 | Lair:1   | Entered Level 1 of the Lair of Beasts
 12564 | Lair:1   | Reached skill level 1 in Invocations
 12568 | Lair:1   | Reached XP level 12. HP: 76/76 MP: 13/15
 12750 | Lair:1   | Learned a level 3 spell: Inner Flame
 12761 | Lair:1   | Reached * piety under Hepliaklqana
 12986 | Lair:1   | Reached skill level 10 in Fighting
 13844 | Lair:2   | Found a hole to the Spider Nest.
 14191 | Lair:2   | Noticed a four-headed hydra
 14191 | Lair:2   | Noticed a dire elephant
 14348 | D:6      | Bought a +5 triple crossbow of flaming for 540 gold pieces
 14527 | Lair:2   | Killed a four-headed hydra
 14662 | Lair:2   | Killed a dire elephant
 14751 | Lair:2   | Reached skill level 5 in Stealth
 14751 | Lair:2   | Reached XP level 13. HP: 56/75 MP: 18/18
 14813 | Lair:2   | Learned a level 2 spell: Blink
 14915 | Lair:3   | Noticed Nessos
 14923 | Lair:3   | Killed Nessos
 15346 | Lair:3   | Reached skill level 17 in Ranged Weapons
 15450 | Lair:3   | Noticed Snorg
 15461 | Lair:3   | Killed Snorg
 15462 | Lair:3   | Reached skill level 5 in Invocations
 15476 | Lair:3   | Identified the +9 whip of Checks and Balances {drain, Fly
                  | Str+2}
 15528 | Lair:3   | Reached ** piety under Hepliaklqana
 15529 | Lair:3   | Remembered your ancestor Nebetia as a battlemage
 15853 | Lair:3   | Found a staircase to the Shoals.
 15878 | Lair:3   | Noticed Amaemon
 15890 | Lair:3   | Killed Amaemon
 15933 | Lair:3   | Found a transporter.
 15934 | Lair:3   | Found a transporter.
 16203 | Lair:4   | Found a staircase to the Slime Pits.
 16388 | Lair:4   | Reached skill level 18 in Ranged Weapons
 17055 | Lair:5   | Entered Level 5 of the Lair of Beasts
 17055 | Lair:5   | Reached *** piety under Hepliaklqana
 17218 | Lair:5   | Reached XP level 14. HP: 59/82 MP: 20/20
 17573 | Lair:5   | Identified the staff of air "Adaov" {Fly rElec rN+ Will+
                  | Dex-5}
 17953 | Lair:5   | Reached skill level 19 in Ranged Weapons
 18072 | Lair:5   | Found a corrupted altar of Lugonu.
 18072 | Lair:5   | Found a one-way gate to the infinite horrors of the Abyss.
 18145 | Lair:5   | Got the Elucidation of Assaults and Dark Magic
 18155 | Lair:5   | Learned a level 5 spell: Summon Forest
 18911 | D:11     | Noticed Fannar
 18916 | D:11     | Killed Fannar
 18960 | D:11     | Reached **** piety under Hepliaklqana
 18976 | D:11     | Noticed Erolcha
 18981 | D:11     | Killed Erolcha
 19038 | D:11     | Noticed Gastronok
 19047 | D:11     | Killed Gastronok
 19460 | D:11     | Found the +11 Singing Sword {sonic wave}
 19615 | D:11     | Found a staircase to the Orcish Mines.
 19716 | Orc:1    | Entered Level 1 of the Orcish Mines
 19775 | Orc:2    | Entered Level 2 of the Orcish Mines
 19788 | Orc:2    | Found Daefegg's General Store.
 19794 | Orc:2    | Bought a scroll of fog for 40 gold pieces
 19910 | Orc:1    | Noticed Maurice
 19915 | Orc:1    | Killed Maurice
 20070 | Orc:1    | Found a frozen archway.
 20242 | IceCv    | Entered an ice cave
 20747 | Orc:2    | Found a staircase to the Elven Halls.
 20834 | Orc:2    | Found Gouzxexodo's Antique Weapon Boutique.
 20860 | Orc:2    | Reached XP level 15. HP: 58/90 MP: 21/23
 20976 | Orc:2    | Found Peyplof's Antique Armour Shop.
 20982 | Orc:2    | Found Durghi Voymul's Magic Scroll Emporium.
 20990 | Orc:2    | Bought an ivory dagger for 231 gold pieces
 20990 | Orc:2    | Identified the +3 dagger of the Glimmering Stork {elec,
                  | Dex+4} (You bought it in a shop on level 2 of the Orcish
                  | Mines)
 21007 | Orc:2    | Found Lutoymir's Antique Weapon Shop.
 21012 | Orc:2    | Bought a scroll of immolation for 72 gold pieces
 21012 | Orc:2    | Bought a scroll of blinking for 135 gold pieces
 21012 | Orc:2    | Bought a scroll of poison for 72 gold pieces
 21272 | Orc:2    | Bought a potion of haste for 100 gold pieces
 21347 | D:12     | Noticed Rupert
 21360 | D:12     | Killed Rupert
 21403 | D:12     | Reached skill level 20 in Ranged Weapons
 21496 | D:12     | You fall into a shaft and drop 1 floor!
 21736 | D:13     | Found a gate leading to a gauntlet.
 21755 | Gauntlet | Entered a Gauntlet
 21755 | Gauntlet | Found a transporter.
 21771 | Gauntlet | Found a transporter.
 21780 | Gauntlet | Found a transporter.
 21788 | Gauntlet | Found a transporter.
 21807 | Gauntlet | Found a transporter.
 21822 | Gauntlet | Found a transporter.
 21830 | Gauntlet | Found a large runed translucent door.
 21831 | Gauntlet | Found a large runed translucent door.
 21832 | Gauntlet | Found a large runed translucent door.
 21832 | Gauntlet | Found a large runed translucent door.
 21833 | Gauntlet | Found a runed translucent gate.
 21834 | Gauntlet | Found a transporter.
 21834 | Gauntlet | Found a runed translucent gate.
 21835 | Gauntlet | Found a runed translucent gate.
 21836 | Gauntlet | Found a large runed translucent door.
 21836 | Gauntlet | Found a large runed translucent door.
 21837 | Gauntlet | Found a large runed translucent door.
 21838 | Gauntlet | Found a large runed translucent door.
 21846 | Gauntlet | Found a transporter.
 21858 | Gauntlet | Found a transporter.
 21870 | Gauntlet | Found a transporter.
 21887 | Gauntlet | Found a transporter.
 21905 | Gauntlet | Found a transporter.
 21907 | Gauntlet | Found a transporter.
 21932 | Gauntlet | Found a transporter.
 21934 | Gauntlet | Found a transporter.
 21935 | Gauntlet | Reached ***** piety under Hepliaklqana
 21936 | Gauntlet | Found a transporter.
 21964 | Gauntlet | Found a transporter.
 21966 | Gauntlet | Found a transporter.
 22300 | Gauntlet | Found a large runed translucent door.
 22300 | Gauntlet | Found a large runed translucent door.
 22305 | Gauntlet | Found a large runed translucent door.
 22305 | Gauntlet | Found a large runed translucent door.
 22322 | Gauntlet | Found a large runed translucent door.
 22322 | Gauntlet | Found a large runed translucent door.
 22322 | Gauntlet | Found a runed translucent door.
 22322 | Gauntlet | Found a runed translucent door.
 22398 | Gauntlet | Identified the +7 glaive of the Elven Halls {protect, Drain
                  | rPois rN+++ Int+5}
 22405 | Gauntlet | Identified the +1 pair of boots of the Sailor {rN+}
 22506 | D:13     | Reached skill level 1 in Translocations
 22789 | D:13     | Reached skill level 1 in Spellcasting
 23505 | D:14     | Noticed Azrael
 23513 | D:14     | Killed from afar by Azrael

Illustrated notes

Levels and vault maps discovered:
D:1:      dpeg_arrival_round_a, layout_basic, basic_ecumenical_altar,
          minmay_pentomino_x4
D:2:      layout_basic, corner_web_ring, nrook_mini_vaults
D:3:      layout_loops_ring, minmay_ruptured
D:4:      layout_basic, serial_shops, nicolae_shop_real_fake_doors,
          uniq_eustachio, uniq_natasha
D:5:      layout_rooms, lemuel_round_altar, serial_aquarium,
          aquarium_bridge_square [aquarium_subvault_bridge,
          aquarium_subvault_bridge, aquarium_subvault_window,
          aquarium_subvault_bridge], aquarium_window_1, aquarium_window_1,
          aquarium_view_2f, aquarium_view_2d, aquarium_balcony_5b,
          nicolae_ossuary_entry_plus, serial_shops,
          nicolae_shop_temple_entry_statues_fountains, roderic_lattice_a,
          uniq_menkaure
D:6:      minmay_clustersquares, layout_loops_corners,
          mainiacjoe_overflow_catch_the_wave, minmay_temple_entry_metal_lava,
          serial_shops, shop_coins, kennysheep_generic_room_8, uniq_maggie,
          uniq_duvessa
D:7:      nzn_winding_woodlands_medium [nzn_winding_woodlands_5x5_default,
          nzn_winding_woodlands_5x15_lazy_stream,
          nzn_winding_woodlands_5x5_checkerboard,
          nzn_winding_woodlands_5x5_default,
          nzn_winding_woodlands_center_garden, nzn_winding_woodlands_5x5_cross,
          nzn_winding_woodlands_5x5_three, nzn_winding_woodlands_5x15_jagged,
          nzn_winding_woodlands_5x5_closed_star], layout_gridville,
          serial_bayou, serial_bayou_pond_c, serial_bayou_lake_a,
          serial_bayou_pond_b, serial_bayou_lagoon_a, minmay_crossroads,
          uniq_prince_ribbit1
D:8:      layout_loops_ring, chequers_temple_overflow_statue_of_worship,
          minmay_manual_mess
D:9:      kennysheep_seaside_town, layout_irregular_city,
          hellmonk_lair_entry_icy, enter_bailey_4, gammafunk_ghost_necromancy,
          uniq_joseph
D:10:     layout_grid_maze, hangedman_ru_absence, mainiacjoe_overflow_paths
D:11:     old_forge, layout_cave_pools, orc_0_dummy, dk_vineyard_3,
          uniq_erolcha, uniq_fannar, uniq_gastronok
D:12:     layout_cave_pools, uniq_rupert
D:13:     layout_loops_ring, gauntlet_entry_generic, roderic_serpentine_path
D:14:     minmay_blocky_corners, layout_basic, david_vaults_2,
          nicolae_gozag_cash_rules_everything_around_me, kennysheep_boxes,
          uniq_azrael
Temple:   eino_wide_crystal_templ
Lair:1:   layout_roguey
Lair:2:   layout_loops_ring, spider_nest_entry_web_field,
          nicolae_lair_lakeside_cave
Lair:3:   gammafunk_boulding_lane, layout_loops_ring, shoals_dummy_entry,
          infiniplex_staircase_pool, uniq_nessos, uniq_amaemon, uniq_snorg
Lair:4:   layout_regular_city, slime_entry_1
Lair:5:   hellmonk_lair_end_abyssal_woods, layout_gridlike,
          grunt_forest_small_clearings, nicolae_lair_lil_pond,
          minmay_hedge_maze, chequers_serial_rivers_small_3,
          infiniplex_staircase_pool_2
Orc:1:    layout_caves, portal_ice_cave_rime, uniq_maurice
Orc:2:    st_orc_open, layout_diamond_mine, serial_shops, shop

Skill      XL: |  1  2  3  4  5  6  7  8  9 10 11 12 13 14 15 |
---------------+----------------------------------------------+-----
Ranged Weapons | 6 7 9 10 11 13 14 16 18 19 20 | 20.3
Fighting       | 2 3 4 5 7 9 11 12 13 14 | 14.7
Dodging        | 3 4 5 7 8 9 10 11 12 13 | 13.6
Armour         | 1 2 3 4 |  4.4
Polearms       | 1 2 3 |  3.3
Shields        | 1 2 3 |  3.0
Stealth        | 3 5 6 |  6.6
Invocations    | 1 4 6 8 |  8.6
Translocations | 2 |  2.3
Spellcasting   | 3 |  3.2

Action                     |  1- 3 |  4- 6 |  7- 9 | 10-12 | 13-15 || total
---------------------------+-------+-------+-------+-------+-------++-------
  Melee: Spear             |       |       |    57 |    62 |       ||   119
         Punch             |       |       |     1 |       |       ||     1
         Double sword      |       |       |       |       |     8 ||     8
   Fire: Shortbow          |   105 |   118 |   212 |   717 |       ||  1152
         Triple crossbow   |       |       |       |    27 |    41 ||    68
         Longbow           |       |       |       |       |   931 ||   931
  Throw: Throwing net      |       |       |     1 |       |       ||     1
 Invoke: Transference      |       |       |       |       |     1 ||     1
         Ancestor Life: Ba |       |       |       |       |     1 ||     1
         Idealise          |       |       |       |       |     2 ||     2
         Recall Ancestor   |       |       |       |       |     1 ||     1
  Evoke: Wand              |       |       |       |       |     1 ||     1
    Use: Scroll            |     2 |    12 |     9 |    15 |    16 ||    54
         Potion            |       |       |     2 |     4 |     6 ||    12
   Stab: Sleeping          |       |       |       |     4 |       ||     4
 Armour: Leather armour    |     5 |    17 |    17 |    47 |     5 ||    91
         Troll leather arm |       |       |       |       |    48 ||    48
  Dodge: Dodged            |    17 |    36 |    57 |   215 |   144 ||   469
  Block: Other             |       |       |    27 |    58 |    39 ||   124
         Reflection        |       |       |     3 |     5 |    10 ||    18
